 Dungeon Crawl Stone Soup version 0.28.0-53-g5a82cb258f (webtiles) character file.

Game seed: 15099015619098496866

72 ZappyNine the Firebug (level 4, -2/26 HPs)
             Began as a Gargoyle Fire Elementalist on June 29, 2022.
             Slain by Crazy Yiuf
             ... wielding a +2 quarterstaff of chaos
              (4 damage)
             ... on level 2 of the Dungeon.
             The game lasted 00:03:18 (3115 turns).

ZappyNine the Firebug (Gargoyle Fire Elementalist)  Turns: 3115, Time: 00:03:19

Health: -2/26      AC: 12    Str: 12    XL:     4   Next: 26%
Magic:  1/7        EV: 11    Int: 21    God:
Gold:   88         SH:  0    Dex: 10    Spells: 2/8 levels left

rFire   . . .      SeeInvis .   i - +5 mace of Fedhas's Castigation {protect, Int+4}
rCold   . . .      Faith    .   (no shield)
rNeg    + . .      Spirit   .   a - +0 robe
rPois   ∞          Reflect  .   (no helmet)
rElec   +          Harm     .   (no cloak)
rCorr   .          Rampage  .   (no gloves)
Will    .....                   (no boots)
Stlth   ++........              (no amulet)
HPRegen 0.08/turn               (no ring)
MPRegen 0.10/turn               (no ring)

@: under a protective aura
A: sickness immunity, AC +3, negative energy resistance 1, electricity
resistance, torment resistance 1, petrification resistance
a: no special abilities


You were on level 2 of the Dungeon.
You visited 1 branch of the dungeon, and saw 2 of its levels.

You collected 88 gold pieces.

Inventory:

Hand Weapons
 c - a +0 whip
 i - the +5 mace of Fedhas's Castigation (weapon) {protect, Int+4}
   (You found it on level 2 of the Dungeon)

   It grants its wielder temporary protection when it strikes (+7 to AC).
   Int:       It affects your intelligence (+4).
Armour
 a - a +0 robe (worn)
Scrolls
 b - 5 scrolls of identify {unknown}
 f - a scroll of amnesia {unknown}
 g - 2 scrolls of teleportation {unknown}
 h - a scroll of enchant armour {unknown}
Potions
 d - a potion of cancellation {unknown}
 e - 2 potions of haste {unknown}


   Skills:
 + Level 1.8 Fighting
 - Level 1.5 Dodging
 - Level 2.1 Stealth
 + Level 2.6 Spellcasting
 + Level 2.3 Conjurations
 + Level 3.5 Fire Magic


You had 2 spell levels left.
You knew the following spells:

 Your Spells              Type           Power      Damage    Failure   Level
a - Foxfire               Conj/Fire      60%        2x1d7     4%          1
b - Scorch                Fire           34%        2d7       4%          2
c - Inner Flame           Hex/Fire       10%        N/A       21%         3

Your spell library contained the following spells:

 Spells                   Type           Power      Damage    Failure   Level
 Conjure Flame            Conj/Fire      15%        6-21      12%         3
 Stone Arrow              Conj/Erth      14%        3d7       26%         3
 Flame Wave               Conj/Fire      15%        2d6       38%         4
 Animate Armour           Summ/Erth      4%         N/A       80%         4
 Lehudib's Crystal Spear  Conj/Erth      3%         10d3      100%        8


Dungeon Overview and Level Annotations

Branches:
Dungeon (2/15)

Altars:
Okawaru

Shops:
D:1 [

Annotations:
D:2 Crazy Yiuf


Innate Abilities, Weirdness & Mutations

You are immune to sickness and miasma.
Your stone body is resilient. (AC +3)
You are immune to poison.
You resist negative energy. (rN+)
You are resistant to electric shocks. (rElec)
You are resistant to unholy torment.
You are immune to petrification.


Message History

Found a mace.
You see here a +0 mace.
Crazy Yiuf shouts!
You see here a +0 mace.
Found two maces and an encrusted mace.
Crazy Yiuf says, "Seed meccalolo koolooloo!"
You see here a +0 mace.
As you open the door, it creaks loudly!
Casting: Foxfire (safe; 4% risk of failure)
Confirm with . or Enter, or press ? or * to list all spells.
Flames lash Crazy Yiuf.
Crazy Yiuf is lightly wounded.
Crazy Yiuf's fire resistance burns away.
Crazy Yiuf hits you with a +2 quarterstaff of chaos!
Ouch! That really hurt!
Casting: Scorch (safe; 4% risk of failure)
Confirm with . or Enter, or press ? or * to list all spells.
Flames lash Crazy Yiuf.
Crazy Yiuf is burned terribly!
Crazy Yiuf is heavily wounded.
Crazy Yiuf barely misses you.
Unknown command.
Casting: Scorch (safe; 4% risk of failure)
Confirm with . or Enter, or press ? or * to list all spells.
Flames lash Crazy Yiuf.
Crazy Yiuf is burned terribly!
Crazy Yiuf is severely wounded.
Crazy Yiuf whimpers, "Adder!
Gum foot horse."
Crazy Yiuf closely misses you.
Unknown command.
Unknown command.
Casting: Scorch (safe; 4% risk of failure)
Confirm with . or Enter, or press ? or * to list all spells.
You don't have enough magic to cast this spell.
Unknown command.
You hit Crazy Yiuf.
Your weapon exudes an aura of protection.
Crazy Yiuf is severely wounded.
Crazy Yiuf hits you with a +2 quarterstaff of chaos!
* * * LOW HITPOINT WARNING * * *
Crazy Yiuf burns you.
You die...

...# #.#
#### #.# #
#.# #.# ###
#####
#####.###.#
#).)#
#.........#
#)))#
#.##(.....#
)))
#.##.######
#g# #.##)#
♣@♣♣
##.##.#
♣♣)♣
#.....#
♣)♣♣
#..####
♣♣.♣ #..#
♣♣)♣♣ #..#
♣♣..)♣ #..#
♣....♣ #..#
#....# #..#
###..##


You could see Crazy Yiuf (combustible).

Vanquished Creatures
  An adder (D:2)
  A worm (D:2)
  2 dart slugs (D:1)
  4 bats
  6 endoplasms
  3 giant cockroaches (D:2)
  7 goblins
  5 hobgoblins
  4 kobolds
  2 quokkas (D:2)
  7 ball pythons
  A frilled lizard (D:1)
  8 rats
51 creatures vanquished.

Vanquished Creatures (others)
  51 foxfires
51 creatures vanquished.

Grand Total: 102 creatures vanquished

Notes
Turn   | Place    | Note
-------+----------+-------------------------------------------
     0 | D:1      | ZappyNine the Gargoyle Fire Elementalist began the quest
                  | for the Orb.
     0 | D:1      | Reached XP level 1. HP: 10/10 MP: 3/3
   293 | D:1      | Found Qishrao's Armour Boutique.
   415 | D:1      | Found a faded altar of an unknown god.
   519 | D:1      | Reached XP level 2. HP: 16/16 MP: 1/5
   801 | D:1      | Reached skill level 1 in Fighting
  1156 | D:1      | Reached XP level 3. HP: 16/20 MP: 6/6
  1405 | D:1      | Found an iron altar of Okawaru.
  2304 | D:2      | Learned a level 2 spell: Scorch
  2308 | D:2      | Learned a level 3 spell: Inner Flame
  2431 | D:2      | Reached XP level 4. HP: 26/26 MP: 1/7
  3105 | D:2      | Found a runed translucent door.
  3105 | D:2      | Identified the +5 mace of Fedhas's Castigation {protect,
                  | Int+4}
  3108 | D:2      | Noticed Crazy Yiuf
  3115 | D:2      | Slain by Crazy Yiuf

Illustrated notes

Levels and vault maps discovered:
D:1:      zaba_arrival_water, layout_basic, serial_shops, shop,
          basic_ecumenical_altar, minmay_hexomino_r4
D:2:      layout_loops_ring, uniq_crazy_yiuf_cottage

Skill      XL: |  1  2  3 |
---------------+----------+-----
Fighting       | 1 |  1.8
Conjurations   | 2 |  2.3
Dodging        | |  1.5
Stealth        | |  2.1
Spellcasting   | |  2.6
Fire Magic     | |  3.5

Action                   |  1- 3 |  4- 6 || total
-------------------------+-------+-------++-------
Melee: Whip              |    97 |     5 ||   102
       Unarmed           |     3 |       ||     3
       Punch             |     3 |       ||     3
       Mace              |       |     1 ||     1
 Cast: Foxfire           |    29 |     7 ||    36
       Scorch            |     4 |     6 ||    10
 Stab: Sleeping          |     5 |       ||     5
Armor: Robe              |    34 |       ||    34
Dodge: Dodged            |    76 |     4 ||    80
